 Dungeon Crawl Stone Soup version 0.21.1-1-g345015f (webtiles) character file.

237 lotte the Magician (level 6, -29/36 HPs)
             Began as an Octopode Wizard on June 29, 2018.
             Was a Follower of Okawaru.
             Annihilated by an ogre
             ... wielding a +0 giant club
              (33 damage)
             ... on level 4 of the Dungeon.
             The game lasted 00:27:16 (4328 turns).

lotte the Magician (Octopode Wizard)                Turns: 4328, Time: 00:27:17

Health: -29/36     AC:  2    Str:  6    XL:     6   Next: 6%
Magic:  1/13       EV: 13    Int: 22    God:    Okawaru [*.....]
Gold:   134        SH:  0    Dex: 11    Spells: 8/14 levels left

rFire    + . .     SeeInvis .   n - staff of cold
rCold    + . .     Gourm    .   (no shield)
rNeg     . . .     Faith    .   g - +1 hat
rPois    .         Spirit   .   r - amulet of rage
rElec    .         Reflect  .   i - ring of fire
rCorr    .         Harm     .   d - ring of protection from cold
MR       .....                  (no ring)
Stlth    +++.......             (no ring)
HPRegen  0.12/turn              (no ring)
MPRegen  0.13/turn              (no ring)
                                (no ring)
                                (no ring)

@: about to teleport
A: almost no armour, stealthy swim, amphibious, 8 rings, constrict 8, camouflage
1, gelatinous body 1
a: Heroism, Renounce Religion, Evoke Berserk Rage


You were on level 4 of the Dungeon.
You worshipped Okawaru.
Okawaru was aware of your devotion.
You were very hungry.

You visited 1 branch of the dungeon, and saw 4 of its levels.

You collected 134 gold pieces.

Inventory:

Hand Weapons
 f - a +0 short sword
Armour
 a - a +0 hat
 g - a +1 hat (worn)
Magical Staves
 n - an uncursed staff of cold (weapon)
Jewellery
 d - a ring of protection from cold (right tentacle)
 i - a ring of fire (left tentacle)
 r - an amulet of rage (around mantle)
Scrolls
 e - a scroll of immolation {unknown}
 j - a scroll of magic mapping {unknown}
 k - 5 scrolls of identify {unknown}
 l - 3 scrolls of remove curse {unknown}
 o - a scroll of amnesia {unknown}
 q - a scroll of blinking {unknown}
Potions
 m - a potion of heal wounds {unknown}
 p - a potion of degeneration {unknown}
 s - a potion of haste {unknown}
Books
 b - a book of Minor Magic

   Spells                             Type                      Level
   a - Magic Dart                     Conjuration                  1
   b - Blink                          Translocation                2
   c - Call Imp                       Summoning                    2
   d - Slow                           Hexes                        2
   e - Conjure Flame                  Conjuration/Fire             3
   f - Mephitic Cloud                 Conjuration/Poison/Air       3
Comestibles
 c - 6 rations


   Skills:
 - Level 0.1 Fighting
 - Level 0.1 Short Blades
 - Level 2.0 Dodging
 - Level 2.7 Stealth
 + Level 4.9 Spellcasting
 * Level 3.8 Conjurations
   Level 1.0 Summonings
 - Level 1.0 Translocations


You had 8 spell levels left.
You knew the following spells:

 Your Spells              Type           Power        Failure   Level  Hunger
a - Magic Dart            Conj           ###.         2%          1    None
b - Blink                 Tloc           N/A          10%         2    None
c - Conjure Flame         Conj/Fire      ###.....     14%         3    ##.....


Dungeon Overview and Level Annotations

Branches:
Dungeon (4/15)
 Temple: D:4-7

Altars:
Okawaru


Innate Abilities, Weirdness & Mutations

You cannot wear most types of armour.
You are very stealthy in the water. (Stealth+)
You are amphibious.
You can wear up to eight rings at the same time.
You can use your tentacles to constrict eight enemies at once.
Your skin changes colour to match your surroundings (Stealth+).
Your rubbery body absorbs attacks. (AC +1, EV +1)


Message History

Aiming: Magic Dart
Press: ? - help, Shift-Dir - straight line, f/p - ogre
Aim: an ogre, wielding a giant club (heavily wounded)
The magic dart hits the ogre.
The ogre is heavily wounded.
Unknown command.
Unknown command.
You hit the ogre.
The ogre is heavily wounded.
The ogre hits you with a giant club!
You barely miss the ogre.
The ogre is heavily wounded.
The ogre hits you with a giant club!
* * * LOW HITPOINT WARNING * * *
Unknown command.
Okay, then.
As you read the scroll of teleportation, it crumbles to dust.
You feel strangely unstable. The ogre hits you with a giant club!!
Ouch! That really hurt!
You die...

###.......#####...#
..>#.......###
#...#
..!.......#####
#...#
....#.....!....
.....
............!..
...............
..#.......#####
###O..### #@..#
###.# #.# #.# ..#


You could see an ogre.

Vanquished Creatures
  An orc priest (D:3)
  An orc wizard (D:4)
  4 adders
  4 gnolls (D:3)
  A worm (D:3)
  4 dart slugs
  A leopard gecko (D:3)
  8 orcs
  5 giant cockroaches
  8 hobgoblins
  10 jackals
  A quokka (D:3)
  6 bats
  4 frilled lizards
  10 goblins
  7 kobolds
  9 rats
84 creatures vanquished.

Notes
Turn   | Place    | Note
-------+----------+-------------------------------------------
     0 | D:1      | lotte the Octopode Wizard began the quest for the Orb.
     0 | D:1      | Reached XP level 1. HP: 11/11 MP: 4/4
   199 | D:1      | Reached XP level 2. HP: 13/17 MP: 0/6
  1144 | D:2      | Learned a level 2 spell: Blink
  1157 | D:2      | Reached XP level 3. HP: 17/21 MP: 2/8
  1441 | D:2      | Reached skill level 4 in Spellcasting
  1773 | D:2      | Reached XP level 4. HP: 27/27 MP: 7/10
  2413 | D:2      | Found a faded altar of an unknown god.
  2416 | D:2      | Became a worshipper of Warmaster Okawaru
  2416 | D:2      | Reached * piety under Okawaru
  3164 | D:3      | Reached XP level 5. HP: 31/31 MP: 3/11
  3552 | D:3      | Learned a level 3 spell: Conjure Flame
  4001 | D:4      | Reached XP level 6. HP: 26/36 MP: 5/13
  4328 | D:4      | Annihilated by an ogre

Skill      XL: |  1  2  3  4  5 |
---------------+----------------+-----
Spellcasting   | 4 |  4.9
Conjurations   | 2 3 |  3.8
Fighting       | |  0.1
Short Blades   | |  0.1
Dodging        | |  2.0
Stealth        | |  2.7
Summonings     | |  1.0
Translocations | |  1.0

Action                   |  1- 3 |  4- 6 || total
-------------------------+-------+-------++-------
Melee: Short sword       |    47 |    31 ||    78
       Constrict         |    13 |     8 ||    21
       Tentacles         |    10 |     7 ||    17
       Staff             |       |     8 ||     8
 Cast: Magic Dart        |    58 |   137 ||   195
       Blink             |     4 |     2 ||     6
  Use: Scroll            |       |     3 ||     3
  Eat: Chunk             |     3 |     3 ||     6
       Ration            |       |     1 ||     1
Armor: Skin              |    10 |     9 ||    19
Dodge: Dodged            |    34 |    43 ||    77
